AoeStats
← game_is_life

Arabia

510555955Analyzed
1v1 RM · 20h ago on Oct 1, 2026· 33m 21s· 2 players
Game mode
Random Map
Map size
Tiny (2 player)
Population
200
Speed
Normal
Resources
Standard
Victory
Conquest
Starting age
Dark Age
Ending age
Imperial Age
RankedLock teamsTeams togetherTeam positionsShared explorationLock speedFull tech treeHidden civsTurbo modeCheats
Victory
Defeat
🇯🇵 Vikings · Japan
1100
+14
🇺🇸 Saracens · United States
1064
-14
bgard90
6:34 Loom
9:17 Feudal Age
10:06 Double-Bit Axe
18:10 Castle Age
16:10 Fletching
18:43 Padded Archer Armor
19:41 Crossbowman
20:35 Bodkin Arrow
29:25 Elite Skirmisher
game_is_life
5:39 Loom
8:40 Feudal Age
10:34 Double-Bit Axe
16:52 Padded Archer Armor
17:42 Horse Collar
18:09 Fletching
22:52 Castle Age
21:28 Gold Mining
23:07 Crossbowman
24:17 Bow Saw
25:09 Bodkin Arrow
27:22 Ballistics
30:42 Leather Archer Armor
34:47 Imperial Age
Connection lost

Rejoining the realm…

Still unreachable

The connection could not be restored.

Session expired

The server has moved on; the page needs a fresh start.